Map: Pride of Altaris LE

Players

Bunny - Winner!

  • Race: Terran Terran

ByuN

  • Race: Terran Terran

Event: TSL 8

VOD

Have the link to the VOD?

Description

Time

  • Played on: Dec. 10, 2021, 8:56 a.m.
  • Length: 25:55

All games in this series

Show
View Real Time Build Order
Export as new Build Order

Bunny Terran - Winner!

Build Orders:  

Get SALT Encoding   

  12  0:00  SCV  
  13  0:12  SCV  
  14  0:16  Supply Depot  
  14  0:24  SCV  
  15  0:38  SCV  
  15  0:39  Barracks  
  16  0:42  Refinery  
  16  0:50  SCV  
  16  0:51  Refinery  
  17  1:02  SCV  
  18  1:14  SCV  
  19  1:26  Reaper, Orbital Command  
  19  1:27  Supply Depot  
  20  1:40  Factory  
  20  1:52  SCV  
  21  1:58  Marine  
  22  2:04  SCV  
  22  2:05  Bunker  
  23  2:16  Marine  
  23  2:17  SCV  
  25  2:25  Hellion  
  25  2:29  SCV  
  27  2:32  Supply Depot  
  27  2:34  Marine  
  28  2:41  SCV  
  27  2:46  Hellion  
  28  2:53  Marine  
  28  2:55  SCV  
  30  2:59  Command Center  
  30  3:07  Hellion, SCV  
  33  3:12  Starport  
  33  3:19  SCV  
  33  3:20  Marine  
  34  3:29  Hellion  
  30  3:36  SCV  
  31  3:42  Barracks Reactor  
  31  3:48  SCV  
  32  3:51  Factory Tech Lab  
  32  3:57  Starport Tech Lab  
  32  4:00  SCV  
  33  4:09  Cyclone  
  36  4:12  SCV  
  36  4:15  Raven  
  39  4:18  Marine x2  
  41  4:24  SCV  
  41  4:32  Command Center  
  41  4:39  Orbital Command  
  41  4:44  SCV  
  41  4:47  Marine x2  
  36  4:54  Siege Tank  
  36  4:58  SCV  
  37  5:09  SCV, Marine x2  
  37  5:10  SCV  
  37  5:12  Raven  
  42  5:21  SCV  
  43  5:22  SCV  
  43  5:27  Marine x2  
  46  5:28  Siege Tank  
  46  5:33  SCV  
  46  5:34  SCV  
  51  5:40  Supply Depot  
  51  5:45  SCV  
  51  5:46  Orbital Command  
  51  5:47  SCV  
  53  5:55  Refinery  
  53  6:01  SCV x2  
  53  6:08  Barracks x2  
  53  6:10  Stimpack  
  53  6:11  SCV  
  53  6:12  Starport Reactor  
  53  6:13  SCV x2  
  53  6:14  Marine  
  57  6:19  Siege Tank  
  57  6:23  SCV  
  60  6:28  SCV  
  60  6:29  SCV  
  62  6:34  Engineering Bay x2  
  62  6:35  SCV  
  62  6:36  Marine  
  64  6:40  SCV  
  64  6:41  Supply Depot, SCV  
  64  6:42  Refinery  
  66  6:47  SCV  
  66  6:48  Supply Depot  
  66  6:53  SCV x2, Siege Tank, Marine  
  73  6:57  Starport Reactor  
  73  6:59  Marine x2  
  73  7:01  Terran Infantry Weapons Level 1  
  74  7:03  Terran Infantry Armor Level 1  
  74  7:05  Orbital Command  
  74  7:08  SCV x2  
  76  7:10  Marine x2  
  78  7:16  Marine  
  78  7:17  Marine x2  
  81  7:23  SCV x2  
  81  7:28  Marine x2  
  82  7:33  Medivac x2  
  82  7:35  SCV x2  
  88  7:37  SCV  
  88  7:38  Marine  
  92  7:44  Supply Depot  
  92  7:45  Supply Depot, Marine  
  92  7:49  Combat Shield  
  91  7:51  Supply Depot  
  91  7:52  Supply Depot  
  91  7:53  Siege Tank  
  93  8:00  SCV, Sensor Tower  
  93  8:02  SCV  
  93  8:03  Marine  
  93  8:04  Marine  
  93  8:06  Medivac, SCV, Marine x3  
  93  8:12  Medivac  
  101  8:13  SCV  
  101  8:14  SCV  
  101  8:18  SCV  
  101  8:19  Supply Depot x2  
  104  8:22  Marine  
  104  8:23  Refinery x2  
  105  8:31  Barracks  
  105  8:32  Barracks  
  104  8:34  Siege Tank  
  101  8:43  SCV  
  101  8:44  SCV  
  101  8:45  Marine x3  
  101  8:46  Marine x2  
  105  8:50  Viking  
  105  8:51  Viking  
  105  8:54  SCV  
  110  8:55  SCV  
  110  9:00  Armory  
  111  9:03  Barracks  
  111  9:04  Barracks  
  111  9:05  SCV  
  111  9:06  SCV  
  111  9:08  SCV  
  114  9:15  Marine x5  
  118  9:18  Siege Tank  
  120  9:24  SCV x2  
  120  9:25  SCV  
  120  9:30  Command Center  
  123  9:31  Medivac x2  
  123  9:36  SCV x2, Marine x2  
  123  9:37  SCV, Marine  
  133  9:38  Marine  
  133  9:43  Marine  
  135  9:51  Barracks Reactor x2, Siege Tank  
  138  9:54  Marine x2  
  138  9:55  Marine  
  141  10:02  SCV  
  141  10:05  Supply Depot x2  
  141  10:06  SCV x2  
  143  10:12  Terran Infantry Weapons Level 2  
  143  10:14  Terran Vehicle Weapons Level 1  
  143  10:20  Marine x5  
  148  10:24  Siege Tank  
  148  10:27  SCV x3  
  148  10:28  Marine x4  
  138  10:37  Terran Infantry Armor Level 2, Marine  
  138  10:38  Marine x2  
  138  10:39  Marine x2  
  143  10:45  Medivac  
  143  10:46  Marine  
  146  10:53  Marine x3  
  146  10:55  Marine  
  146  10:56  Marine x2  
  152  10:57  Marine x2  
  152  11:01  Siege Tank  
  152  11:02  SCV x2  
  152  11:03  Supply Depot, SCV  
  160  11:08  Sensor Tower  
  160  11:09  Marine  
  161  11:11  Marine x3  
  161  11:13  Marine  
  161  11:15  Planetary Fortress  
  161  11:16  Marine  
  161  11:17  Marine x3  
  169  11:22  SCV x2  
  169  11:23  SCV  
  172  11:26  Refinery, Marine  
  172  11:27  Refinery  
  173  11:33  Siege Tank  
  173  11:34  Marine x7  
  178  11:49  Marine x2  
  178  11:51  Marine  
  178  11:52  Marine x5  
  185  11:55  Barracks  
  185  11:56  Barracks  
  185  11:57  SCV x3  
  185  11:58  Barracks  
  185  12:00  Supply Depot  
  188  12:02  Supply Depot  
  188  12:04  Supply Depot  
  188  12:18  Terran Vehicle Weapons Level 2  
  188  12:21  Marine x9  
  188  12:22  SCV, Siege Tank  
  169  12:39  Terran Infantry Weapons Level 3, Marine x6  
  175  12:45  Factory  
  175  12:46  Viking x2  
  175  12:49  Command Center  
  179  12:51  Barracks Reactor x2  
  179  12:54  Barracks Reactor, Marine x2  
  181  12:59  Siege Tank  
  184  13:16  Viking x2  
  188  13:22  Starport x2, Marine x8  
  196  13:31  Siege Tank  
  195  13:34  Marine  
  195  13:35  Marine x4  
  183  13:49  Marine x9  
  183  13:55  Viking x2  
  177  13:57  Marine  
  177  13:58  Marine x5  
  173  14:05  Siege Tank  
  173  14:07  Marine x2  
  165  14:10  Liberator x2, Planetary Fortress  
  165  14:14  Marine x7  
  178  14:25  Viking x2  
  178  14:26  Marine x8  
  178  14:27  Refinery  
  190  14:31  Sensor Tower  
  190  14:32  Factory Tech Lab, Marine  
  190  14:35  Terran Infantry Armor Level 3  
  190  14:44  Marine  
  190  14:45  Marine x3  
  176  14:51  Siege Tank  
  164  14:53  Viking  
  164  14:54  Viking  
  145  15:18  Viking x2  
  145  15:22  Siege Tank  
  145  15:23  Marine  
  145  15:24  Siege Tank, Marine x10  
  162  15:30  Starport Tech Lab x2  
  162  15:43  Starport  
  162  15:45  Starport  
  162  15:46  SCV x4  
  162  15:47  SCV  
  162  15:49  Command Center  
  167  15:50  Raven x2  
  167  15:53  Corvid Reactor  
  171  15:59  Terran Ship Weapons Level 1  
  171  16:07  Viking x2  
  173  16:19  Marine x8  
  181  16:29  Refinery, Marine x7  
  185  16:33  Viking x2  
  185  16:35  Siege Tank x2  
  185  16:37  Marine  
  172  16:47  Marine  
  172  16:48  Marine x5  
  165  17:00  Viking x2  
  163  17:01  Marine  
  163  17:02  Marine x5  
  163  17:07  Siege Tank x2  
  163  17:08  Raven x2  
  179  17:14  Marine x5  
  178  17:30  Medivac x2, Starport Tech Lab, Starport Reactor  
  178  17:33  Neosteel Armor  
  178  17:34  Armory  
  182  17:41  Marine x2  
  182  17:42  Marine x8  
  192  17:48  Planetary Fortress  
  192  17:51  Command Center  
  192  17:56  Marine  
  192  17:57  Marine  
  192  17:58  Raven  
  197  17:59  Marine  
  197  18:19  Siege Tank x2  
  200  18:25  Refinery  
  200  18:26  Refinery  
  198  18:30  Command Center  
  198  18:31  Command Center  
  198  18:33  Missile Turret  
  198  18:35  Terran Vehicle Weapons Level 3  
  198  18:41  Missile Turret  
  198  18:44  Hi-Sec Auto Tracking  
  195  18:56  Siege Tank  
  195  18:57  Marine  
  195  18:58  Marine x5  
  200  19:16  Terran Ship Weapons Level 2  
  200  19:19  Command Center  
  200  19:31  Missile Turret  
  200  19:43  Orbital Command x2  
  200  19:46  Sensor Tower  
  200  20:04  Siege Tank x2  
  195  20:10  Raven  
  195  20:11  Marine x5  
  200  20:17  Command Center  
  200  20:19  Missile Turret  
  199  20:34  Marine x4  
  200  20:39  Sensor Tower  
  180  20:51  Siege Tank x2, Marine  
  180  20:52  Raven x2, Marine x14  
  180  20:53  Raven  
  171  21:09  Marine x8  
  171  21:10  Marine  
  180  21:14  Missile Turret, Command Center  
  180  21:17  Marine  
  180  21:18  Marine x5  
  186  21:23  Siege Tank x2  
  184  21:27  Marine  
  184  21:28  Marine x8  
  168  21:35  Medivac, Raven, Marine x5  
  168  21:36  Medivac x2, Marine  
  149  21:45  Marine x2  
  149  21:46  Marine x7  
  154  21:53  Marine x4  
  158  21:55  Siege Tank  
  158  22:00  Siege Tank  
  161  22:03  Medivac  
  162  22:10  Medivac x2  
  162  22:11  Raven x2  
  162  22:12  Marine x12  
  162  22:13  Marine x3  
  179  22:17  Planetary Fortress  
  178  22:27  Siege Tank  
  178  22:29  Marine  
  181  22:30  Marine x3  
  181  22:32  Siege Tank  
  183  22:38  Marine  
  183  22:39  Marine x7  
  184  22:55  Marine x5  
  184  22:56  Marine x3  
  184  22:57  Marine  
  178  22:59  Siege Tank  
  181  23:20  Marine x5  
  181  23:21  Marine  
  181  23:23  Marine x9  
  180  23:39  Siege Tank x2  
  165  23:42  Marine x9  
  165  23:46  Liberator x2  
  165  23:47  Liberator, Viking x2  
  171  23:48  Marine  
  169  23:59  Marine x5  
  169  24:00  Marine x3  
  177  24:04  Raven x2  
  177  24:09  Marine x3  
  184  24:14  Marine x4  
  181  24:17  Marine  
  181  24:22  Marine x3  
  176  24:29  Marine x5  
  171  24:40  Marine x7  
  177  24:57  Siege Tank x2  
  183  25:05  Command Center  
  183  25:13  Marine x2  
  104  25:22  Marine x4  
  104  25:23  Marine x4  
Show
View Real Time Build Order
Export as new Build Order

ByuN Terran 

Build Orders:  

Get SALT Encoding   

  12  0:00  SCV  
  13  0:12  Supply Depot  
  13  0:17  SCV  
  14  0:37  Barracks  
  14  0:39  Refinery  
  14  0:53  Barracks  
  14  0:58  SCV  
  15  1:10  SCV  
  16  1:23  Reaper  
  16  1:24  Orbital Command  
  17  1:29  Refinery  
  17  1:40  Reaper  
  18  1:50  SCV  
  19  1:56  Reaper  
  19  1:58  Supply Depot  
  20  2:02  SCV  
  21  2:12  Reaper  
  22  2:15  SCV  
  23  2:28  SCV  
  24  2:31  Reaper  
  24  2:33  Factory  
  25  2:40  SCV  
  26  2:47  Reaper  
  26  2:52  SCV  
  27  3:04  Supply Depot, SCV, Reaper  
  29  3:16  SCV, Factory Tech Lab  
  29  3:19  Reaper  
  29  3:36  Reaper  
  28  3:42  SCV  
  28  3:43  Cyclone  
  28  3:48  Command Center  
  32  3:49  Barracks  
  32  3:52  Reaper  
  32  3:54  SCV  
  33  4:06  SCV  
  34  4:15  Cyclone  
  37  4:18  SCV  
  37  4:21  Starport  
  38  4:30  SCV  
  39  4:44  Barracks Reactor  
  39  4:48  SCV  
  37  5:00  SCV  
  38  5:11  Orbital Command  
  38  5:12  SCV  
  33  5:17  Medivac, Cyclone  
  38  5:24  SCV  
  38  5:27  Marine x2  
  41  5:29  Command Center  
  41  5:36  SCV, Refinery  
  41  5:37  SCV  
  43  5:43  Supply Depot  
  43  5:44  Marine  
  43  5:45  Marine  
  43  5:47  Starport Tech Lab  
  43  5:48  SCV  
  43  5:49  SCV, Siege Tank  
  50  6:00  SCV  
  50  6:01  SCV  
  50  6:02  Marine x2  
  54  6:11  Stimpack, Marine  
  55  6:13  SCV x2, Starport Reactor  
  57  6:19  Supply Depot  
  57  6:20  Marine x2  
  57  6:22  Siege Tank  
  62  6:27  SCV x2  
  62  6:28  Marine  
  62  6:40  SCV x2, Marine x2  
  62  6:41  Supply Depot, Refinery  
  62  6:42  Orbital Command  
  62  6:46  Marine  
  67  6:52  SCV x2  
  69  6:54  Siege Tank  
  69  6:58  Medivac x2  
  77  7:04  SCV x2  
  77  7:05  Engineering Bay  
  77  7:07  Engineering Bay  
  79  7:11  Marine x3, Orbital Command  
  81  7:17  SCV x2  
  81  7:20  Supply Depot  
  83  7:29  SCV x2, Marine x3  
  88  7:35  Barracks  
  88  7:37  Starport Reactor, Barracks  
  88  7:38  Terran Infantry Weapons Level 1, Terran Infantry Armor Level 1  
  88  7:40  SCV, Barracks  
  88  7:41  SCV x2  
  91  7:45  Supply Depot  
  91  7:49  Marine  
  91  7:50  Marine  
  93  7:53  SCV x2  
  93  7:55  SCV  
  96  8:05  SCV x2  
  98  8:07  SCV, Siege Tank  
  98  8:10  Marine  
  98  8:11  Marine x2  
  98  8:12  Combat Shield  
  105  8:16  Supply Depot  
  105  8:17  Supply Depot, SCV x2  
  105  8:18  Supply Depot  
  105  8:19  SCV, Armory  
  108  8:23  Marine  
  108  8:24  Barracks Reactor  
  108  8:26  Medivac, Marine  
  107  8:27  Barracks Reactor  
  107  8:29  SCV x2  
  109  8:38  SCV  
  109  8:39  Marine x3  
  109  8:41  SCV x2, Marine  
  115  8:44  Marine  
  111  8:49  Refinery  
  111  8:50  SCV, Refinery  
  111  8:52  Siege Tank  
  111  8:53  SCV x2, Sensor Tower  
  111  8:54  Medivac  
  116  8:57  Marine x3  
  116  9:00  Marine x3  
  116  9:02  Marine  
  123  9:12  Marine x2  
  123  9:15  Marine x3  
  127  9:18  Marine x3  
  127  9:20  Marine  
  127  9:24  Factory, Siege Tank  
  127  9:30  Marine x2  
  132  9:35  Marine  
  132  9:38  Terran Infantry Weapons Level 2, Supply Depot, Terran Infantry Armor Level 2, Command Center  
  133  9:41  Supply Depot, Marine x3  
  136  9:52  Marine  
  136  9:54  Marine x2  
  136  9:56  Marine  
  136  9:57  Marine  
  136  9:59  Siege Tank, Marine  
  145  10:05  Medivac x2  
  145  10:06  Marine x3  
  150  10:09  Supply Depot x2  
  150  10:10  Marine  
  150  10:11  Supply Depot  
  150  10:12  Marine  
  152  10:16  Marine x2  
  152  10:20  Marine  
  149  10:24  Marine  
  149  10:25  Marine x2  
  149  10:28  Marine  
  138  10:30  Marine  
  138  10:34  Marine x2  
  138  10:35  Siege Tank  
  131  10:38  Marine  
  131  10:39  Viking x2  
  131  10:42  Marine  
  136  10:43  SCV x2, Marine x2  
  136  10:44  SCV  
  136  10:46  Marine  
  136  10:48  Barracks Reactor, Marine  
  140  10:51  Marine x2  
  140  10:53  Planetary Fortress  
  140  10:55  SCV, Marine  
  144  10:58  Siege Tank  
  144  11:00  Marine  
  144  11:01  Marine x2  
  144  11:04  Marine  
  151  11:05  Sensor Tower, Marine  
  151  11:09  Marine x2  
  154  11:13  Marine  
  154  11:16  Siege Tank  
  154  11:17  Marine  
  159  11:18  Marine  
  159  11:19  Marine  
  159  11:21  Marine  
  159  11:23  Marine  
  163  11:25  Viking x2  
  163  11:27  Marine x2  
  163  11:28  Marine x2  
  163  11:30  Siege Tank  
  163  11:31  Marine  
  175  11:35  Marine  
  175  11:36  Marine  
  175  11:37  Marine  
  175  11:39  Marine  
  179  11:41  Marine  
  179  11:45  Marine x3  
  179  11:46  Marine  
  163  11:48  Siege Tank  
  163  11:49  Marine  
  163  11:53  Marine  
  159  11:54  Marine x2  
  159  11:55  Terran Infantry Armor Level 3  
  159  11:57  Marine  
  159  11:59  Marine  
  165  12:02  Refinery, Siege Tank  
  165  12:03  SCV x3, Refinery, Marine x3  
  165  12:04  Marine  
  165  12:07  Marine  
  176  12:09  Viking x2  
  176  12:11  Marine  
  176  12:15  SCV x3  
  182  12:20  Siege Tank  
  182  12:25  Marine  
  182  12:26  Marine  
  182  12:27  Marine x6  
  182  12:28  Marine  
  182  12:29  Marine  
  167  12:34  Siege Tank  
  167  12:39  Viking x2  
  167  12:42  Marine  
  172  12:44  Marine x3  
  172  12:45  Marine x4  
  172  12:46  Marine  
  172  12:47  Starport x2  
  180  12:52  Siege Tank  
  183  13:00  Marine x2  
  183  13:02  Marine x4  
  189  13:06  Siege Tank  
  189  13:09  Viking x2  
  196  13:17  Supply Depot x2  
  196  13:38  Marine  
  196  13:39  Siege Tank  
  196  13:40  Marine  
  199  13:44  Marine  
  199  13:46  SCV, Starport Tech Lab x2  
  199  13:47  SCV  
  193  13:49  Marine x4  
  177  13:57  Marine  
  177  13:58  SCV, Marine  
  177  13:59  SCV x2, Marine  
  177  14:01  Siege Tank, Marine  
  173  14:05  Marine  
  173  14:06  Marine  
  173  14:07  Marine x3  
  173  14:08  Corvid Reactor, Raven x2  
  173  14:09  Viking x2  
  183  14:10  SCV  
  183  14:11  Siege Tank  
  183  14:14  Terran Infantry Weapons Level 3, Marine  
  183  14:16  Marine  
  189  14:17  Marine  
  189  14:19  Marine  
  189  14:23  Marine  
  192  14:24  Marine  
  192  14:25  Terran Vehicle Weapons Level 1, Marine x3  
  192  14:27  Command Center  
  192  14:29  Command Center  
  196  14:33  Siege Tank  
  199  14:39  Command Center  
  199  14:43  Siege Tank  
  199  14:44  Marine x3  
  198  14:48  Medivac  
  198  14:49  Medivac, Marine  
  198  14:50  Marine  
  198  14:51  Marine x3  
  185  14:56  Medivac, Marine  
  188  15:05  Siege Tank  
  188  15:09  Marine  
  188  15:11  Marine  
  188  15:13  Marine  
  160  15:15  Siege Tank  
  160  15:16  Marine x2  
  160  15:18  Medivac, Viking  
  160  15:19  Medivac, Marine  
  160  15:20  Marine  
  156  15:21  Marine  
  156  15:25  Barracks Reactor  
  156  15:26  Viking  
  156  15:27  Marine  
  160  15:29  Marine  
  161  15:37  Siege Tank  
  161  15:41  Barracks x2  
  164  15:43  Barracks  
  164  15:47  Orbital Command x2  
  164  15:48  Viking x2  
  164  15:49  Command Center  
  168  15:53  Viking  
  168  15:54  Marine  
  168  15:56  Viking, Marine x2  
  175  15:58  Marine  
  175  16:00  Marine x2  
  175  16:03  Planetary Fortress  
  178  16:06  Missile Turret  
  178  16:09  Marine  
  178  16:10  Marine x3  
  182  16:15  Marine x3  
  182  16:18  Marine x3  
  178  16:22  SCV  
  178  16:23  SCV x2  
  180  16:27  Marine  
  171  16:34  Marine x4  
  167  16:45  Marine x4  
  167  16:46  Marine  
  156  16:48  Siege Tank  
  156  16:50  Marine  
  156  16:53  Marine  
  156  16:54  Marine  
  157  16:57  Viking  
  157  17:00  Barracks Reactor x2  
  157  17:01  Barracks Reactor  
  157  17:03  Marine  
  157  17:04  Marine x2  
  157  17:06  Raven  
  159  17:10  Medivac  
  161  17:20  Barracks Reactor  
  161  17:22  Marine  
  162  17:24  Marine x7  
  162  17:29  Marine  
  168  17:30  Marine  
  168  17:31  Raven  
  172  17:39  Marine  
  172  17:42  Marine  
  174  17:49  Raven, Viking  
  174  17:50  Viking  
  180  18:00  Starport  
  180  18:01  Starport  
  180  18:08  Barracks Reactor  
  180  18:09  Marine x9  
  181  18:23  Siege Tank x2  
  181  18:24  Raven  
  188  18:31  Refinery, Raven  
  188  18:32  Terran Vehicle Weapons Level 2  
  190  18:34  Armory  
  190  18:40  Command Center  
  190  18:49  Viking x2  
  190  18:52  Viking  
  190  18:53  Viking  
  190  18:55  Siege Tank  
  194  19:06  Raven  
  194  19:07  Siege Tank  
  199  19:27  Terran Vehicle And Ship Armor Level 1  
  199  19:30  Starport Tech Lab x2  
  199  19:31  Command Center  
  199  19:35  Command Center  
  199  19:52  Viking  
  188  20:08  Viking x2  
  188  20:09  Viking x2  
  188  20:12  Siege Tank  
  196  20:21  Viking  
  196  20:22  Viking  
  196  20:25  Orbital Command  
  200  20:29  Refinery  
  200  20:31  Refinery  
  200  20:33  Marine x9  
  192  20:38  Viking x2  
  192  20:39  Viking  
  192  20:40  Siege Tank  
  192  20:41  Marine x5  
  190  20:44  Siege Tank  
  192  20:51  Marine x5  
  192  20:55  Marine  
  192  20:57  Raven  
  180  20:58  Marine x3  
  180  20:59  Marine x2  
  187  21:07  Marine x3  
  187  21:08  Marine  
  187  21:09  Marine x4  
  195  21:12  Siege Tank  
  195  21:14  Marine  
  195  21:16  Marine  
  200  21:26  Marine  
  181  21:32  Marine  
  181  21:33  Marine x11  
  181  21:34  Marine  
  176  21:46  Marine  
  174  21:50  Marine  
  174  21:51  Marine x9  
  174  21:53  Marine  
  185  21:55  Marine  
  186  22:04  Marine  
  186  22:08  Marine x3  
  187  22:09  Marine x6  
  187  22:11  Marine  
  187  22:13  Marine  
  194  22:17  Siege Tank  
  194  22:22  Marine  
  198  22:26  Marine  
  199  22:30  Marine  
  195  22:40  Siege Tank  
  195  22:43  Missile Turret  
  198  22:49  Marine x3  
  200  22:57  Marine x2  
  197  23:15  Siege Tank  
  199  23:23  Marine x2  
  199  23:26  Siege Tank  
  198  23:29  Marine x3  
  198  23:31  Marine x3  
  196  23:39  Marine  
  160  23:41  Marine  
  160  23:44  Marine  
  160  23:47  Siege Tank, Marine  
  133  23:51  Marine x5  
  133  23:52  Raven x2  
  142  23:56  Marine  
  142  23:59  Marine  
  142  24:00  Liberator  
  142  24:01  Liberator, Marine  
  151  24:03  Viking  
  151  24:05  Marine  
  151  24:08  Marine  
  151  24:09  Marine x3  
  145  24:18  Marine x3, Orbital Command  
  145  24:19  Marine  
  145  24:23  Marine  
  145  24:26  Marine x2  
  145  24:27  Marine x2  
  138  24:35  Marine  
  138  24:36  Marine x2  
  138  24:37  Marine  
  141  24:40  Marine  
  141  24:44  Marine x2  
  139  24:54  Marine  
  139  24:55  Marine x2  
  142  25:04  Marine x3  
  145  25:12  Marine  
  110  25:16  Marine  
  110  25:17  Marine x4  
  90  25:22  Marine x3  
  87  25:30  Marine  
  87  25:34  Marine  
  88  25:35  Marine x4  
Tags
 
Add a new tag
Caveats
  • Supply blocks, unpowered buildings, or Contaminate may cause inaccurate times.
  • Supply counts are checked every 10 seconds.